 Dungeon Crawl Stone Soup version 0.24-a0-106-gcea5463 (webtiles) character file.

Game seed: 0

645647 Plink the Conqueror (level 27, -13/218 HPs)
             Began as a Hill Orc Fighter on Feb 13, 2019.
             Was the Champion of Hepliaklqana.
             Killed from afar by an ancient lich (54 damage)
             ... with a crystal spear
             ... on level 5 of the Realm of Zot.
             The game lasted 03:53:14 (73412 turns).

Plink the Conqueror (Hill Orc Fighter)             Turns: 73412, Time: 03:53:15

Health: -13/218    AC: 37    Str: 33    XL:     27
Magic:  28/30      EV: 14    Int: 15    God:    Hepliaklqana [******]
Gold:   5357       SH: 23    Dex:  8    Spells: 27/37 levels left

rFire    + . .     SeeInvis +   b - +9 broad axe (chop)
rCold    + + +     Gourm    .   p - +2 shield of Resistance {rF+ rC+ MR+}
rNeg     + . .     Faith    .   X - +10 plate armour of Day {Str+3 Slay+3}
rPois    .         Spirit   .   (helmet restricted)
rElec    +         Reflect  +   i - +2 cloak
rCorr    .         Harm     .   B - +2 pair of gloves
MR       ++++.                  N - +2 pair of boots
Stlth    ..........             M - +4 amulet of reflection
HPRegen  0.46/turn              T - ring "Nometami" {Ice rElec rN+ MR+}
MPRegen  0.22/turn              s - ring of Jalu {rF+ rC++ Int+3 SInv}

@: lethally poisoned (-13 -> -25)
A: reduced essence, horns 1, clumsy 1, deformed body, frail 1, low mp 1, strong
1, MP-powered wands
}: 3/15 runes: decaying, serpentine, silver
a: Recall Ancestor, Ancestor Identity, Transference, Idealise, Renounce Religion


You were on level 5 of the Realm of Zot.
You worshipped Hepliaklqana.
Hepliaklqana was exalted by your worship.
You were not hungry.

You visited 10 branches of the dungeon, and saw 52 of its levels.
You visited 1 bazaar.
You also visited: Bailey, Gauntlet and Ice Cave.

You collected 8126 gold pieces.
You spent 2769 gold pieces at shops.

Inventory:

Hand Weapons
 a - a +9 broad axe of draining
 b - a +9 broad axe of chopping (weapon)
Missiles
 y - 11 throwing nets (quivered)
Armour
 i - a +2 cloak (worn)
 p - the +2 shield of Resistance (worn) {rF+ rC+ MR+}
   (You took it off a deep elf annihilator on level 3 of the Elven Halls)

   It protects you from fire.
   It protects you from cold.
   It affects your resistance to hostile enchantments.
 B - a +2 pair of gloves (worn)
 N - a +2 pair of boots (worn)
 X - the +10 plate armour of Day (worn) {Str+3 Slay+3}
   (You found it on level 6 of the Dungeon)

   It affects your strength (+3).
   It affects your accuracy and damage with ranged weapons and melee attacks
   (+3).
Jewellery
 h - an uncursed ring of flight
 s - the ring of Jalu (right hand) {rF+ rC++ Int+3 SInv}
   (You bought it in a shop on level 4 of the Vaults)

   [ring of intelligence]

   It affects your intelligence (+3).
   It protects you from fire.
   It greatly protects you from cold.
   It lets you see invisible.
 x - the ring "Xippuunk" {Wiz rPois rN+++ MR- Slay-2}
   (You took it off a crimson imp on level 3 of the Depths)

   [ring of wizardry]

   It improves your spell success rate.
   It affects your accuracy and damage with ranged weapons and melee attacks
   (-2).
   It protects you from poison.
   It renders you almost immune to negative energy.
   It affects your resistance to hostile enchantments.
 C - an uncursed ring of resist corrosion
 M - a +4 amulet of reflection (around neck)
 T - the ring "Nometami" (left hand) {Ice rElec rN+ MR+}
   (You found it on level 14 of the Dungeon)

   [ring of ice]

   It enhances your ice magic.
   It makes you vulnerable to fire.
   It protects you from cold.
   It insulates you from electricity.
   It protects you from negative energy.
   It affects your resistance to hostile enchantments.
Wands
 z - a wand of scattershot (8)
 E - a wand of digging (29)
 I - a wand of clouds (3)
 K - a wand of acid (5)
 L - a wand of polymorph (8)
 O - a wand of iceblast (68)
 P - a wand of disintegration (12)
Scrolls
 e - 6 scrolls of blinking
 g - a scroll of noise
 n - 8 scrolls of fog
 o - 22 scrolls of remove curse
 r - 27 scrolls of teleportation
 t - a scroll of holy word
 w - 6 scrolls of fear
 D - 15 scrolls of identify
 F - 2 scrolls of amnesia
 W - 5 scrolls of magic mapping
 Y - a scroll of summoning
Potions
 d - 3 potions of ambrosia
 j - 4 potions of berserk rage
 k - 7 potions of heal wounds
 l - 5 potions of invisibility
 q - 11 potions of curing
 v - 8 potions of magic
 A - 3 potions of resistance
 G - 3 potions of haste
 H - 2 potions of flight
 J - 10 potions of cancellation
 Q - 10 potions of agility
 V - 9 potions of brilliance
 Z - 3 potions of might
Miscellaneous
 c - 3 phantom mirrors
 R - a phial of floods
 S - a lamp of fire (inert)
Comestibles
 f - 93 rations


   Skills:
 O Level 27 Fighting
 - Level 26.3 Axes
 - Level 22.4 Armour
 * Level 12.0 Dodging
 - Level 20.6 Shields
 - Level 5.7 Spellcasting
 - Level 6.2 Hexes
 * Level 6.9 Charms
 * Level 5.7 Necromancy
 - Level 4.9 Translocations
 - Level 7.4 Transmutations
 - Level 3.6 Air Magic
 - Level 8.7 Earth Magic
 * Level 14.7 Invocations
 + Level 10.0 Evocations


You had 27 spell levels left.
You knew the following spells:

 Your Spells              Type           Power        Failure   Level  Hunger
a - Confusing Touch       Hex            ###...       3%          1    None
b - Blink                 Tloc           N/A          10%         2    #......
c - Passwall              Tmut/Erth      ####....     2%          2    #......
d - Swiftness             Chrm/Air       ###.....     9%          2    #......
e - Regeneration          Chrm/Necr      ###.......   11%         3    ###....

Your spell library contained the following spells:

 Spells                   Type           Power        Failure   Level  Hunger
 Sandblast                Erth           ####..       1%          1    None
 Beastly Appendage        Tmut           ####..       2%          1    None
 Corona                   Hex            ###....      3%          1    None
 Sticks to Snakes         Tmut           ####....     3%          2    #......
 Animate Skeleton         Necr           N/A          4%          1    None
 Pain                     Necr           ###.         4%          1    None
 Slow                     Hex            ###.....     5%          2    #......
 Shroud of Golubria       Chrm/Tloc      ###.......   6%          2    #......
 Apportation              Tloc           ###...       7%          1    None
 Corpse Rot               Necr           N/A          7%          2    #......
 Sublimation of Blood     Necr           ###.......   7%          2    #......
 Confuse                  Hex            ###.....     11%         3    ###....
 Tukima's Dance           Hex            ###.....     11%         3    ###....
 Portal Projectile        Hex/Tloc       ###...       14%         3    ###....
 Vampiric Draining        Necr           ###.......   14%         3    ###....
 Petrify                  Tmut/Erth      ####....     19%         4    ####...
 Ensorcelled Hibernation  Hex/Ice        ###...       21%         2    #......
 Gell's Gravitas          Tloc           ###.......   21%         3    ###....
 Lesser Beckoning         Tloc           ###.......   21%         3    ###....
 Teleport Other           Tloc           ###.....     21%         3    ###....
 Shock                    Conj/Air       #...         22%         1    None
 Leda's Liquefaction      Hex/Erth       ####......   22%         4    ####...
 Stone Arrow              Conj/Erth      ###...       24%         3    ###....
 Spider Form              Tmut/Pois      ###.......   32%         3    ###....
 Poisonous Vapours        Pois/Air       #.....       34%         2    #......
 Ozocubu's Armour         Chrm/Ice       ###.....     34%         3    ###....
 Cause Fear               Hex            ###.......   36%         4    ####...
 Lee's Rapid Deconstruct  Erth           ####......   36%         5    ######.
 Dazzling Spray           Conj/Hex       ##....       38%         3    ###....
 Inner Flame              Hex/Fire       ##......     38%         3    ###....
 Flame Tongue             Conj/Fire      #....        43%         1    None
 Magic Dart               Conj           #...         43%         1    None
 Sting                    Conj/Pois      #...         43%         1    None
 Summon Butterflies       Summ           #.......     43%         1    None
 Summon Small Mammal      Summ           #...         43%         1    None
 Animate Dead             Necr           N/A          43%         4    ####...
 Ignite Poison            Fire/Tmut/Pois ##......     47%         3    ###....
 Recall                   Summ/Tloc      N/A          47%         3    ###....
 Passage of Golubria      Tloc           N/A          54%         4    ####...
 Blade Hands              Tmut           ####......   54%         5    ######.
 Static Discharge         Conj/Air       #.......     56%         3    ###....
 Borgnjor's Vile Clutch   Necr/Erth      ####......   56%         5    ######.
 Call Imp                 Summ           #.......     58%         2    #......
 Searing Ray              Conj           #.....       58%         2    #......
 Throw Frost              Conj/Ice       #.....       58%         2    #......
 Yara's Violent Unravell  Hex/Tmut       ###.......   63%         5    ######.
 Mephitic Cloud           Conj/Pois/Air  #.......     65%         3    ###....
 Excruciating Wounds      Chrm/Necr      ###.......   69%         5    ######.
 Ice Form                 Ice/Tmut       ###.....     71%         4    ####...
 Airstrike                Air            ###.......   73%         4    ####...
 Agony                    Necr           ###.....     78%         5    ######.
 Dispel Undead            Necr           ###.....     78%         5    ######.
 Fulminant Prism          Conj/Hex       ##........   80%         4    ####...
 Call Canine Familiar     Summ           #.......     82%         3    ###....
 Conjure Flame            Conj/Fire      #.......     82%         3    ###....
 Force Lance              Conj/Tloc      ##......     87%         4    ####...
 Silence                  Hex/Air        ###.......   87%         5    ######.
 Summon Lightning Spire   Summ/Air       #.......     92%         4    ####...
 Statue Form              Tmut/Erth      ####.....    95%         6    #######
 Alistair's Intoxication  Tmut/Pois      ###.....     96%         5    ######.
 Irradiate                Conj/Tmut      ###.......   96%         5    ######.
 Iskenderun's Battlesphe  Conj/Chrm      ##......     97%         5    ######.
 Metabolic Englaciation   Hex/Ice        ###.......   98%         5    ######.
 Summon Mana Viper        Hex/Summ       ##......     98%         5    ######.
 Hydra Form               Tmut           ####......   98%         6    #######
 Iskenderun's Mystic Bla  Conj           #.......     99%         4    ####...
 Summon Ice Beast         Ice/Summ       #.......     99%         4    ####...
 Throw Icicle             Conj/Ice       #.......     99%         4    ####...
 Bolt of Draining         Conj/Necr      ##........   99%         5    ######.
 Bolt of Magma            Conj/Fire/Erth ##........   99%         5    ######.
 Lightning Bolt           Conj/Air       #.........   99%         5    ######.
 Summon Forest            Summ/Tloc      ##........   99%         5    ######.
 Darkness                 Hex            ###.......   99%         6    #######
 Invisibility             Hex            ###.....     99%         6    #######
 Fireball                 Conj/Fire      #.........   100%        5    ######.
 Summon Demon             Summ           #.........   100%        5    ######.
 Venom Bolt               Conj/Pois      #.........   100%        5    ######.
 Bolt of Cold             Conj/Ice       #.........   100%        6    #######
 Bolt of Fire             Conj/Fire      #.........   100%        6    #######
 Conjure Ball Lightning   Conj/Air       #.........   100%        6    #######
 Deflect Missiles         Chrm/Air       ###.......   100%        6    #######
 Freezing Cloud           Conj/Ice/Air   ##........   100%        6    #######
 Iron Shot                Conj/Erth      ###.......   100%        6    #######
 Ozocubu's Refrigeration  Ice            #.........   100%        6    #######
 Shadow Creatures         Summ           N/A          100%        6    #######
 Simulacrum               Ice/Necr       ###.......   100%        6    #######
 Dragon Form              Tmut           ####......   100%        7    #######
 Haunt                    Necr/Summ      ##........   100%        7    #######
 Malign Gateway           Summ/Tloc      ##........   100%        7    #######
 Orb of Destruction       Conj           #.........   100%        7    #######
 Ring of Flames           Chrm/Fire      ##........   100%        7    #######
 Spellforged Servitor     Conj/Summ      #.........   100%        7    #######
 Summon Hydra             Summ           #.........   100%        7    #######
 Borgnjor's Revivificati  Necr           ###.......   100%        8    #######
 Death's Door             Chrm/Necr      ###.......   100%        8    #######
 Ignition                 Fire           #.........   100%        8    #######
 Infestation              Necr           ###.......   100%        8    #######
 Necromutation            Tmut/Necr      ###.......   100%        8    #######
 Dragon's Call            Summ           #.........   100%        9    #######
 Shatter                  Erth           ####......   100%        9    #######
 Tornado                  Air            ###.......   100%        9    #######


Dungeon Overview and Level Annotations

Branches:
Dungeon (15/15)            Temple (0/1) D:7            Lair (6/6) D:8
  Swamp (4/4) Lair:3        Snake (4/4) Lair:2        Slime (0/5) Lair:5
    Orc (2/2) D:11            Elf (3/3) Orc:2        Vaults (5/5) D:14
  Crypt (3/3) Vaults:3       Tomb (0/3) Crypt:3      Depths (5/5) D:15
    Zot (5/5) Depths:5

Altars:
Ashenzari
Cheibriados
Dithmenos
Fedhas
Gozag
Hepliaklqana
Kikubaaqudgha
Makhleb
Nemelex Xobeh
Qazlal
Sif Muna
Uskayaw
Vehumet
Xom
Yredelemnul
The Shining One

Shops:
D:6 [   D:12 :   D:14 *   Orc:2 (?*}?   Elf:1 [   Elf:3 =}}   Vaults:1 ((
Vaults:4 [(=*   Depths:1 *   Depths:4 ?   Depths:5 [%

Portals:
Hell: Depths:1 Depths:2 Depths:3 Depths:4 Depths:5
Abyss: Depths:1 Depths:4 Depths:5
Pandemonium: Depths:3 Depths:4
Ziggurat: Depths:3
Trove: Vaults:1 (show slimy rune of Zot)

Annotations:
D:3 exclusion: upstairs
D:14 3 runed translucent doors
Lair:3 Zanta616's ghost, journeyman TrMo
Swamp:3 exclusion: hexer
Snake:4 1 runed translucent door, confidenceinterval's ghost, adept DsBe
Elf:2 3 runed translucent doors
Depths:1 1 runed translucent door, exclusion: orange crystal statue
Zot:5 exclusion: moth of wrath


Innate Abilities, Weirdness & Mutations

Your life essence is reduced to manifest your ancestor. (-10% HP)
You have a pair of small horns on your head.
You are clumsy. (Dex -2)
Armour fits poorly on your strangely shaped body.
You are frail. (-10% HP)
Your magical capacity is low. (-10% MP)
Your muscles are strong. (Str +2)
You expend magic power (3 MP) to strengthen your wands.


Message History

You feel very sick.
You feel sick.
You feel very sick.
The ancient lich gestures at you while chanting.
The bolt of acid misses you.
You feel sick.
Unknown command.
You feel sick.
You feel sick.
Items here: ))) † a +0 halberd; a +0 scimitar; a +0 war axe; a green draconian corpse
Casting: Regeneration (safe; 11% risk of failure)
Confirm with . or Enter, or press ? or * to list all spells.
Aiming: Passwall (safe; 2% risk of failure)
Press: ? - help, Dir - move target cursor A rock wall, spattered with blood.
You feel sick. The ancient lich casts a spell at you.
The crystal spear hits you!!!
You die...

*,***,,,,,#.##.....#..#.##<......
,,,,**,,###..##....########...###
,,,,,***#....##).)###..#..#....#.
,,,,,.).q..#..####..#.##..##...#.
,,*,,...####'###...)...#.........
,**,*.,,,##...##......####.#.....
*****,,,##....q##.[##...#..###...
,,,,*,,##......L##.#....#..# ###.
+*,,,,*#........@#.....##..######
,***,,,#.........)))...###....#..
,,**,,*#.........#)..####........
,,,**^,##.......##....# ####.....
,,**,,,,##.....###)...# #....#
*********▓######*#)####****▓▓▓▓##
,,,,,** *,,,,,,...,,,,,,* **,
,,,,,,** **,,,,,...,,,,,** **,,
,,,,,,,** *,,,,.....,,,,* **,,,


You could see a purple draconian monk and an ancient lich.

Vanquished Creatures
  4 orbs of fire (Zot:5)
  7 ancient liches
  The ghost of Edwul the Luminary of Lethal Lore, a veteran GnWz of Vehumet (Depths:2)
  A greater mummy (Crypt:3)
  Saint Roka (Elf:3)
  A Killer Klown (Zot:5)
  A curse toe (Zot:3)
  A caustic shrike (Depths:3)
  10 golden dragons
  5 liches
  2 electric golems
  Rupert (D:12)
  12 tentacled monstrosities
  9 Orb Guardians (Zot:5)
  The ghost of Adoddidy the Stickfighter, an adept NaAE of Ru (Crypt:1)
  4 titans
  2 deep elf master archers (Elf:3)
  2 deep elf blademasters (Elf:3)
  8 quicksilver dragons
  2 sphinxes (Vaults:5)
  Kirke (D:13)
  7 death cobs
  An ancient champion (Crypt:1)
  2 thorn hunters
  8 tengu reavers
  9 shadow dragons
  6 frost giants
  15 storm dragons
  Roxanne (Swamp:3)
  7 nagarajas (Snake:4)
  2 draconian monks (Zot:2)
  5 deep elf sorcerers
  5 iron dragons
  10 fire giants
  10 draconian scorchers
  2 ghost moths
  17 vault wardens
  A revenant (Crypt:3)
  6 draconian knights
  Louise (Snake:1)
  4 curse skulls
  A cacodemon (Depths:4)
  An orc warlord (Vaults:4)
  3 draconian shifters
  7 draconian stormcallers
  10 ironheart preservers
  8 deep elf elementalists
  4 spriggan defenders
  8 very ugly things
  16 stone giants
  A juggernaut skeleton (Crypt:2)
  2 entropy weavers
  8 reapers (Crypt:3)
  4 war gargoyles (Vaults:5)
  5 vampire knights
  4 draconian annihilators
  8 green draconians
  A lorocyproca (Depths:3)
  11 purple draconians
  7 spark wasps
  11 black draconians
  4 deep elf demonologists
  12 yellow draconians
  A spark wasp (shapeshifter) (Vaults:5)
  7 deep elf annihilators
  10 red draconians
  9 white draconians
  A spectral titan (Depths:2)
  A minotaur (Gauntlet)
  2 small abominations (Vaults:5)
  2 crystal guardians (Vaults:4)
  10 ettins
  10 deep elf death magi
  10 eidola
  11 fire dragons
  4 jiangshi (Crypt:1)
  A quicksilver dragon zombie (Crypt:3)
  8 great orbs of eyes
  13 yaktaur captains
  Josephine (Orc:1)
  A spectral golden dragon (Depths:2)
  Harold (D:11)
  Fannar (D:12)
  5 deep elf high priests
  14 hydras
  4 spriggan air magi
  2 shambling mangroves (Swamp:4)
  2 rakshasas
  A quicksilver dragon skeleton (Crypt:3)
  A hell beast (Depths:3)
  7 naga warriors
  28 vault guards
  A juggernaut simulacrum (Depths:2)
  10 anacondas
  A spectral sphinx (Depths:2)
  11 ice dragons
  A spectral tengu (Depths:2)
  5 death knights
  15 centaur warriors
  9 alligators
  56 two-headed ogres
  12 dancing weapons
  2 tengu warriors
  5 vampire magi
  6 deep troll shamans
  15 ogre magi
  7 deep troll earth magi
  18 naga sharpshooters
  A titan zombie (Crypt:3)
  3 soul eaters
  6 shock serpents
  Urug (Lair:6)
  A shock serpent (shapeshifter) (Depths:4)
  2 spriggan berserkers (Depths:2)
  13 deep elf knights
  A sun demon (Depths:3)
  Nergalle (D:11)
  Sonja (Lair:6)
  6 iron trolls
  3 gelid demonspawn
  6 skeletal warriors
  6 shadow wraiths
  A death drake (Gauntlet)
  An unseen horror (Elf:1)
  2 salamander mystics
  2 spriggan druids
  An anaconda zombie (Crypt:3)
  A sixfirhy (Depths:4)
  29 deep trolls
  8 swamp dragons (Swamp:4)
  A death drake (shapeshifter) (D:14)
  3 wizards
  11 deep elf archers
  13 ironbrand convokers
  An orange crystal statue (Vaults:1)
  A shadow dragon zombie (Crypt:3)
  2 glowing orange brains
  A spectral wolf spider (Gauntlet)
  2 obsidian statues
  5 harpies (Vaults:4)
  2 human zombies (Vaults:4)
  16 phantasmal warriors
  11 naga ritualists
  2 flayed ghosts
  A glowing orange brain (shapeshifter) (Depths:3)
  Pikel (D:6)
  17 orc knights
  An iron dragon zombie (Crypt:3)
  A lindwurm (shapeshifter) (Vaults:5)
  8 mana vipers
  A spectral elf (Depths:2)
  3 orc sorcerers
  13 necromancers
  A wolf spider zombie (Crypt:3)
  8 oklob plants
  9 cyclopes
  A worldbinder (Gauntlet)
  63 ugly things
  A manticore (D:14)
  A shadow dragon skeleton (Crypt:3)
  An iron dragon skeleton (Crypt:3)
  4 stone giant zombies
  6 wolf spiders
  65 deep elf magi
  9 salamanders
  3 human skeletons (Vaults:4)
  An elephant (shapeshifter) (Depths:3)
  3 stone giant skeletons
  36 black mambas
  3 elephants (Lair:4)
  An ice statue (D:13)
  25 naga magi
  16 vault sentinels
  2 guardian serpents
  2 rust devils (Depths:3)
  Psyche (D:8)
  An orange demon (Depths:3)
  24 moths of wrath
  A torpor snail (Lair:5)
  2 spiny frogs (shapeshifter)
  A dire elephant skeleton (Crypt:3)
  15 spiny frogs
  2 hexers
  A rime drake (Orc:2)
  22 freezing wraiths
  A yaktaur (shapeshifter) (Vaults:1)
  7 komodo dragons
  An efreet (D:14)
  2 guardian mummies (Crypt:3)
  2 ice devils (Depths:3)
  2 hydra zombies (Crypt:3)
  2 tengu conjurers
  14 hellwings
  34 yaktaurs
  4 jumping spiders
  A polar bear (shapeshifter) (Vaults:1)
  5 tyrant leeches
  6 meliai
  A hornet (shapeshifter) (Depths:5)
  A jumping spider (shapeshifter) (Elf:3)
  20 trolls
  A tengu simulacrum (Depths:2)
  2 blink frogs (shapeshifter)
  10 bog bodies
  15 hornets
  3 polar bears
  A wolf spider simulacrum (IceCv)
  7 hippogriffs
  A sphinx simulacrum (Depths:2)
  10 blink frogs
  A harpy skeleton (Crypt:3)
  A dream sheep (shapeshifter) (Vaults:4)
  28 slime creatures
  Sigmund (D:3)
  An ice dragon zombie (Crypt:3)
  2 human simulacra
  A dream sheep (Lair:6)
  A black mamba zombie (Crypt:3)
  6 flying skulls (Crypt:1)
  2 air elementals
  20 spriggans
  16 wraiths
  An elf simulacrum (Depths:2)
  An ettin skeleton (Crypt:3)
  A tarantella (Vaults:3)
  6 redbacks
  4 shadows
  6 wyverns
  An ice dragon skeleton (Crypt:3)
  A spriggan (shapeshifter) (Vaults:4)
  A human (shapeshifter) (Vaults:2)
  A fire dragon skeleton (Crypt:3)
  10 water elementals
  Eustachio (D:5)
  A yak (shapeshifter) (Vaults:3)
  28 yaks
  3 tarantellas (shapeshifter)
  A chaos spawn (Depths:4)
  3 fire elementals
  An ushabti (Crypt:3)
  A black mamba skeleton (Crypt:1)
  4 basilisks
  A hog (shapeshifter) (Vaults:3)
  A human (D:8)
  5 hogs
  13 vampire mosquitoes
  A neqoxec (Depths:4)
  19 swamp worms
  47 nagas
  A soldier ant (D:9)
  10 wargs
  A soldier ant (shapeshifter) (Vaults:1)
  14 insubstantial wisps
  2 acid dragons
  A faun skeleton (Crypt:2)
  15 water moccasins
  A water nymph skeleton (Crypt:2)
  4 sky beasts
  3 porcupines
  6 ice beasts
  A spiny frog skeleton (Crypt:1)
  16 swamp drakes
  3 slaves (D:6)
  34 orc warriors
  A snapping turtle zombie (Crypt:3)
  2 alligator simulacra (IceCv)
  2 necrophages
  6 black bears
  An elf zombie (Vaults:4)
  22 wolves
  An eye of draining (D:12)
  23 boggarts
  A tengu (shapeshifter) (Vaults:4)
  44 ogres
  A snapping turtle skeleton (Crypt:3)
  19 centaurs
  12 crocodiles
  A rime drake skeleton (Crypt:2)
  4 big kobolds
  A hog skeleton (Crypt:1)
  2 earth elementals (Elf:2)
  13 gnoll sergeants
  15 bullfrogs
  A yaktaur skeleton (Crypt:2)
  5 wyvern skeletons (Crypt:3)
  A warg zombie (Crypt:2)
  A scorpion (shapeshifter) (D:15)
  3 scorpions
  A troll zombie (Crypt:2)
  17 killer bees
  A water moccasin skeleton (D:8)
  An orc simulacrum (Vaults:1)
  5 wights
  3 electric eels
  2 howler monkeys (D:8)
  17 crimson imps
  A bullfrog zombie (D:13)
  A wyvern simulacrum (D:9)
  A quasit (D:9)
  10 hounds
  4 jellies
  6 centaur zombies
  A draconian simulacrum (IceCv)
  7 orc priests
  22 orc wizards
  11 centaur skeletons
  2 iron imps (Depths:3)
  3 hell rats (Lair:3)
  4 iguanas
  6 gnoll shamans (Bailey)
  12 worker ants
  2 spriggan simulacra (IceCv)
  A polar bear simulacrum (IceCv)
  6 troll simulacra (IceCv)
  A killer bee zombie (D:7)
  A dwarf zombie (Crypt:1)
  6 centaur simulacra
  A dwarf skeleton (Crypt:2)
  A killer bee simulacrum (D:9)
  27 gnolls
  3 ogre simulacra (IceCv)
  9 adders
  5 naga simulacra (IceCv)
  A river rat (Lair:3)
  4 shadow imps
  14 white imps
  2 ufetubi (D:9)
  An ooze (D:2)
  A lava snake skeleton (Crypt:1)
  An adder skeleton (D:4)
  2 worms (D:3)
  5 leopard geckos
  101 orcs
  3 giant cockroaches
  13 goblins
  9 hobgoblins
  7 jackals (D:1)
  16 kobolds
  7 quokkas
  A ball python (D:1)
  7 bats
  7 frilled lizards
  2 leopard gecko skeletons
  7 rats
  9 briar patches
  A butterfly (Lair:5)
  6 crawling corpses
  3 fungi
  2 plants
  4 withered plants (Crypt:3)
2344 creatures vanquished.

Vanquished Creatures (collateral kills)
  An ancient lich (Crypt:3)
  A golden dragon (Zot:4)
  the Enchantress (Depths:1)
  A shard shrike zombie (Crypt:1)
  An Orb Guardian (Zot:5)
  A tentacled monstrosity (Zot:4)
  An ancient champion (Crypt:2)
  A sphinx (Depths:4)
  A draconian monk (Zot:3)
  A deep elf sorcerer (Elf:3)
  A draconian scorcher (Depths:5)
  2 spriggan defenders
  A draconian annihilator (Zot:4)
  2 stone giants
  3 black draconians
  2 very ugly things
  A green draconian (Zot:3)
  2 spark wasps (Depths:5)
  A deep elf annihilator (Elf:3)
  A red draconian (Zot:3)
  A yellow draconian (Zot:4)
  A white draconian (Zot:2)
  2 deep elf high priests
  A deep elf death mage (Elf:3)
  An ettin (Vaults:5)
  A yaktaur captain (Depths:4)
  A fire dragon (Depths:3)
  2 naga warriors
  3 vault guards (Vaults:1)
  An ice dragon (Depths:5)
  3 hydras
  2 alligators
  3 two-headed ogres
  A centaur warrior (Depths:2)
  2 anacondas
  A tengu warrior (D:14)
  2 dancing weapons
  3 deep elf knights
  An unseen horror (shapeshifter) (D:15)
  2 swamp dragons (Swamp:4)
  A phantasmal warrior (Crypt:1)
  2 deep elf archers
  A flayed ghost (Crypt:2)
  3 deep trolls
  A ghost moth zombie (Crypt:3)
  A wizard (D:14)
  3 unseen horrors
  An ironbrand convoker (Vaults:3)
  A necromancer (Crypt:3)
  An orc knight (Vaults:3)
  5 ugly things
  2 mana vipers
  8 deep elf magi
  A manticore (D:15)
  2 moths of wrath
  A salamander (Snake:1)
  An ice statue (IceCv)
  3 slime creatures
  A black mamba (shapeshifter) (Vaults:1)
  6 black mambas
  A vault sentinel (Vaults:5)
  A gargoyle (D:10)
  3 naga magi
  A centaur skeleton (D:14)
  2 spiny frogs
  A rime drake (Orc:2)
  A catoblepas skeleton (Crypt:3)
  A rime drake (shapeshifter) (Vaults:3)
  A yaktaur (Vaults:4)
  3 trolls
  2 red devils (Depths:3)
  A polar bear (Lair:6)
  3 hornets
  2 blink frogs (Lair:5)
  A hippogriff (shapeshifter) (Depths:3)
  A hippogriff (Lair:1)
  6 spriggans
  2 water elementals (Depths:1)
  2 wraiths (Crypt:3)
  2 yaks
  A golden eye (shapeshifter) (Depths:1)
  Menkaure (D:5)
  5 nagas
  2 vampire mosquitoes (D:14)
  A warg (Vaults:3)
  2 swamp worms
  4 insubstantial wisps
  An acid dragon (D:9)
  A porcupine (shapeshifter) (Depths:2)
  2 ice beasts
  8 orc warriors
  2 swamp drakes
  2 sky beasts (D:10)
  2 black bears
  2 eyes of draining
  5 ogres
  A crocodile (Lair:4)
  A centaur (D:8)
  Blork the orc (D:4)
  2 earth elementals (Elf:3)
  A gnoll sergeant (Bailey)
  8 killer bees
  2 electric eels
  A howler monkey (D:10)
  2 crimson imps (Depths:3)
  2 jellies
  3 hounds
  4 orc priests
  5 orc wizards
  An iguana (D:7)
  A hell rat (Lair:3)
  2 worker ants
  A howler monkey skeleton (D:4)
  3 adders
  A white imp (IceCv)
  An adder zombie (D:5)
  An adder skeleton (D:6)
  8 orcs
  A frilled lizard (D:4)
  A kobold (D:10)
  A leopard gecko zombie (D:9)
  2 fungi (Lair:2)
240 creatures vanquished.

Vanquished Creatures (others)
  A sphinx (Vaults:5)
  A white draconian (Zot:2)
  2 yaktaur captains
  A deep elf high priest (Elf:3)
  2 centaur warriors
  A deep elf knight (Elf:2)
  2 deep elf archers
  An unseen horror (Vaults:1)
  A spriggan druid (Swamp:4)
  A kobold demonologist (D:14)
  7 yaktaurs
  A hornet (Swamp:4)
  A wyvern (shapeshifter) (Depths:5)
  A naga (Snake:4)
  A swamp drake (Swamp:4)
  3 boggarts
  6 centaurs
  42 hexers
  An orc (Vaults:3)
  A crawling corpse (Crypt:3)
  11 fungi
  7 plants
  2 withered plants (Snake:4)
97 creatures vanquished.

Grand Total: 2681 creatures vanquished

Notes
Turn   | Place    | Note
-------+----------+-------------------------------------------
     0 | D:1      | Plink the Hill Orc Fighter began the quest for the Orb.
     0 | D:1      | Reached XP level 1. HP: 19/19 MP: 1/1
    40 | D:1      | Reached XP level 2. HP: 22/26 MP: 2/2
   766 | D:1      | Reached XP level 3. HP: 31/31 MP: 3/3
  1037 | D:2      | Reached skill level 5 in Axes
  1191 | D:2      | Reached XP level 4. HP: 39/39 MP: 4/4
  2507 | D:3      | Reached XP level 5. HP: 42/45 MP: 5/5
  2596 | D:2      | Found a shimmering altar of Xom.
  2803 | D:3      | Noticed Sigmund
  2816 | D:3      | Killed Sigmund
  2816 | D:3      | Reached XP level 6. HP: 44/51 MP: 6/6
  2820 | D:3      | Found a hazy altar of Hepliaklqana.
  2849 | D:3      | Became a worshipper of Hepliaklqana the Forgotten
  3055 | D:4      | Reached XP level 7. HP: 43/51 MP: 7/7
  3273 | D:4      | Reached skill level 10 in Axes
  3482 | D:4      | Noticed Blork the orc
  3485 | D:4      | Found a burning altar of Makhleb.
  3485 | D:4      | Found a shadowy altar of Dithmenos.
  3489 | D:4      | Killed Blork the orc
  3753 | D:5      | Entered Level 5 of the Dungeon
  3753 | D:5      | Reached * piety under Hepliaklqana
  3772 | D:5      | Noticed Eustachio
  3789 | D:5      | Killed Eustachio
  3789 | D:5      | Reached skill level 4 in Fighting
  3789 | D:5      | Reached XP level 8. HP: 59/59 MP: 8/8
  3836 | D:5      | Noticed Menkaure
  3848 | D:5      | Killed Menkaure
  4300 | D:5      | Found an ancient bone altar of Kikubaaqudgha.
  4714 | D:5      | Found a blossoming altar of Fedhas.
  4984 | D:5      | Reached ** piety under Hepliaklqana
  4985 | D:5      | Remembered your ancestor Cuahtemoc as a hexer
  5195 | D:6      | Found Seab Led's Antique Armour Shop.
  5374 | D:6      | Noticed Pikel
  5396 | D:6      | Killed Pikel
  5396 | D:6      | Reached skill level 5 in Fighting
  5396 | D:6      | Reached XP level 9. HP: 61/66 MP: 9/9
  5426 | D:6      | Found a faded altar of an unknown god.
  5426 | D:6      | Found a sparkling altar of Nemelex Xobeh.
  5431 | D:6      | Found a snail-covered altar of Cheibriados.
  5433 | D:6      | Found a hide-covered altar of Uskayaw.
  5439 | D:6      | Found a stormy altar of Qazlal.
  5485 | D:6      | Reached skill level 6 in Fighting
  5772 | D:6      | Reached *** piety under Hepliaklqana
  5817 | D:6      | Got a slimy plate armour
  5828 | D:6      | Identified the +10 plate armour of Day {Str+3 Slay+3} (You
                  | found it on level 6 of the Dungeon)
  6014 | D:7      | Reached skill level 1 in Invocations
  6236 | D:7      | Reached skill level 5 in Shields
  6552 | D:7      | Found a staircase to the Ecumenical Temple.
  6562 | D:7      | Found a radiant altar of Vehumet.
  6611 | D:7      | Reached skill level 7 in Fighting
  6994 | D:8      | Reached skill level 5 in Armour
  7102 | D:8      | Reached XP level 10. HP: 71/76 MP: 12/12
  7325 | D:8      | Noticed Psyche
  7398 | D:8      | Reached skill level 8 in Fighting
  7423 | D:8      | Found a staircase to the Lair.
  7928 | D:8      | Killed Psyche
  8007 | D:9      | Reached skill level 5 in Invocations
  8169 | D:9      | Reached skill level 9 in Fighting
  8431 | D:9      | Found a hazy altar of Hepliaklqana.
  8761 | D:9      | Found a glowing golden altar of the Shining One.
  8770 | D:9      | Found a basalt altar of Yredelemnul.
  8772 | D:9      | Noticed a profane servitor
  8812 | D:9      | Reached **** piety under Hepliaklqana
  8863 | D:9      | Reached XP level 11. HP: 86/86 MP: 15/15
  9086 | D:9      | Noticed an angel
  9136 | D:10     | Entered Level 10 of the Dungeon
  9537 | D:10     | Noticed a two-headed ogre
  9545 | D:10     | Killed a two-headed ogre
  9545 | D:10     | Reached skill level 10 in Fighting
  9677 | D:10     | Noticed a two-headed ogre
  9685 | D:10     | Killed a two-headed ogre
 10052 | D:11     | Found a staircase to the Orcish Mines.
 10077 | D:11     | Reached skill level 10 in Shields
 10330 | D:11     | Noticed a cyclops
 10338 | D:11     | Killed a cyclops
 10338 | D:11     | Reached skill level 11 in Fighting
 10441 | D:11     | Noticed Nergalle
 10465 | D:11     | Killed Nergalle
 10557 | D:11     | Noticed Harold
 10574 | D:11     | Killed Harold
 10574 | D:11     | Reached XP level 12. HP: 70/98 MP: 16/16
 11140 | D:12     | Found Sotax's Book Shop.
 11390 | D:12     | Noticed Fannar
 11423 | D:12     | Killed Fannar
 11480 | D:12     | Reached skill level 12 in Fighting
 11623 | D:12     | Noticed Rupert
 11655 | D:12     | Killed Rupert
 11864 | D:12     | Reached ***** piety under Hepliaklqana
 12227 | D:13     | Noticed a centaur warrior
 12238 | D:13     | Killed a centaur warrior
 12391 | D:13     | Noticed a centaur warrior
 12400 | D:13     | Reached skill level 13 in Fighting
 12405 | D:13     | Killed a centaur warrior
 12617 | D:13     | Reached XP level 13. HP: 108/108 MP: 17/17
 12781 | D:14     | Found Jadaes's Assorted Antiques.
 12781 | D:14     | Noticed Kirke
 12942 | D:13     | Killed Kirke
 13597 | D:14     | Reached skill level 14 in Fighting
 14307 | D:14     | Found a gate to the Vaults.
 14410 | D:14     | Reached skill level 15 in Axes
 14454 | D:14     | Found a runed translucent door.
 14455 | D:14     | Noticed a merfolk impaler
 14459 | D:14     | Found a runed translucent door.
 14786 | D:14     | Reached skill level 15 in Fighting
 14847 | D:14     | Reached XP level 14. HP: 103/121 MP: 18/18
 15017 | D:14     | Reached skill level 10 in Armour
 15034 | D:14     | Got a warped steel ring
 15036 | D:14     | Identified the ring "Nometami" {Ice rElec rN+ MR+} (You
                  | found it on level 14 of the Dungeon)
 15510 | D:14     | Found a runed translucent door.
 15583 | D:15     | Entered Level 15 of the Dungeon
 15627 | D:15     | Found a staircase to the Depths.
 15628 | D:15     | Noticed a fire giant
 16024 | D:15     | Reached skill level 16 in Fighting
 16893 | Lair:1   | Entered Level 1 of the Lair of Beasts
 17721 | Lair:2   | Found a staircase to the Snake Pit.
 17911 | Lair:2   | Reached ****** piety under Hepliaklqana
 19419 | Lair:3   | Reached XP level 15. HP: 128/131 MP: 19/19
 19511 | Lair:3   | Found a staircase to the Swamp.
 19743 | Lair:3   | Found a runed translucent door.
 19743 | Lair:3   | Identified the +7 trident of Kismet {freeze, *Drain +Blink
                  | Int+2}
 19858 | Lair:3   | Noticed Zanta616's ghost (journeyman TrMo)
 20320 | Lair:4   | Reached skill level 17 in Fighting
 20851 | Lair:4   | Identified a scroll of acquirement
 22164 | Lair:5   | Found a staircase to the Slime Pits.
 22464 | Lair:6   | Entered Level 6 of the Lair of Beasts
 22469 | Lair:6   | Gained mutation: You are frail. (-10% HP) [potion of
                  | mutation]
 22469 | Lair:6   | Gained mutation: You passively map a small area around you.
                  | [potion of mutation]
 22470 | Lair:6   | Lost mutation: You are frail. (-10% HP) [potion of
                  | mutation]
 22470 | Lair:6   | Lost mutation: You passively map a small area around you.
                  | [potion of mutation]
 22470 | Lair:6   | Gained mutation: You are frail. (-10% HP) [potion of
                  | mutation]
 22470 | Lair:6   | Gained mutation: You expend magic power (3 MP) to
                  | strengthen your wands. [potion of mutation]
 22470 | Lair:6   | Gained mutation: Your skin changes colour to match your
                  | surroundings (Stealth+). [potion of mutation]
 22754 | Lair:6   | Noticed Urug
 22767 | Lair:6   | Killed Urug
 22927 | Lair:6   | Noticed Sonja
 22931 | Lair:6   | Killed Sonja
 24067 | Orc:1    | Entered Level 1 of the Orcish Mines
 24067 | Orc:1    | Found a flagged portal.
 24067 | Orc:1    | Noticed Josephine
 24074 | Orc:1    | Killed Josephine
 24156 | Bailey   | Entered a bailey
 24291 | Bailey   | Got a shimmering plate armour
 24292 | Bailey   | Identified the +13 plate armour of Misanthropy {+Inv rC+
                  | MP+9 Stlth-} (You found it in a bailey)
 24388 | Bailey   | Identified the Compendium of Destructive Creation
 24392 | Bailey   | Got a slimy large shield
 24403 | Bailey   | Identified the cursed +0 large shield of Hadaol {rF++
                  | Int+3} (You found it in a bailey)
 24540 | Orc:2    | Entered Level 2 of the Orcish Mines
 24573 | Orc:2    | Found a gate leading to a gauntlet.
 24595 | Gauntlet | Entered a Gauntlet
 24595 | Gauntlet | Found a transporter.
 24595 | Gauntlet | Found a transporter.
 24595 | Gauntlet | Found a transporter.
 24596 | Gauntlet | Found a transporter.
 24597 | Gauntlet | Found a transporter.
 24600 | Gauntlet | Found a transporter.
 24618 | Gauntlet | Found a transporter.
 24619 | Gauntlet | Found a transporter.
 24621 | Gauntlet | Found a transporter.
 24622 | Gauntlet | Found a transporter.
 24632 | Gauntlet | Found a transporter.
 24632 | Gauntlet | Found a transporter.
 24746 | Gauntlet | Reached XP level 16. HP: 122/124 MP: 20/20
 24819 | Gauntlet | Identified the +9 hunting sling "Naugeebb" {velocity,
                  | Int+7}
 24819 | Gauntlet | Identified the ring of Pumozy {Ice Int+3}
 24867 | Orc:2    | Found a frozen archway.
 24874 | Orc:2    | Reached skill level 1 in Evocations
 24880 | IceCv    | Entered an ice cave
 25235 | IceCv    | Found an ancient bone altar of Kikubaaqudgha.
 26098 | Orc:2    | Found Cacurhir's Magic Scroll Shoppe.
 26104 | Orc:2    | Reached skill level 15 in Shields
 26400 | Orc:2    | Found Gemolome's Gadget Boutique.
 26403 | Orc:2    | Bought 3 scrolls of enchant weapon for 337 gold pieces
 26405 | Orc:2    | Found a staircase to the Elven Halls.
 26405 | Orc:2    | Found Acestril's General Store.
 26406 | Orc:2    | Found Edydymn's Magic Scroll Shoppe.
 26410 | Orc:2    | Found Yriockycots's Weapon Emporium.
 26414 | Orc:2    | Bought 3 scrolls of enchant weapon for 292 gold pieces
 26419 | Orc:2    | Bought a scroll of enchant armour for 90 gold pieces
 26538 | Orc:2    | Found a radiant altar of Vehumet.
 26949 | Snake:1  | Entered Level 1 of the Snake Pit
 27183 | Snake:1  | Noticed Louise
 27192 | Snake:1  | Killed Louise
 27336 | Snake:1  | Identified the Incunabulum of the Flying Frostbite
 27411 | Snake:1  | Reached skill level 15 in Armour
 28255 | Snake:2  | Reached skill level 18 in Fighting
 28469 | Snake:2  | Reached XP level 17. HP: 124/130 MP: 21/21
 28899 | Snake:2  | Reached skill level 5 in Evocations
 30773 | Snake:4  | Entered Level 4 of the Snake Pit
 30938 | Snake:4  | Found a runed translucent door.
 30938 | Snake:4  | Noticed confidenceinterval's ghost (adept DsBe)
 30976 | Snake:4  | Reached skill level 19 in Fighting
 32336 | Snake:4  | Reached XP level 18. HP: 133/140 MP: 23/23
 32778 | Snake:4  | Got a serpentine rune of Zot
 32994 | Snake:4  | Learned a level 1 spell: Confusing Touch
 33143 | Swamp:1  | Entered Level 1 of the Swamp
 33324 | Swamp:1  | You fall through a shaft!
 33407 | Swamp:2  | Reached skill level 20 in Fighting
 33458 | Swamp:2  | Got a shimmering ring mail
 33459 | Swamp:2  | Identified the +4 ring mail "Feicliec" {rC+} (You found it
                  | on level 2 of the Swamp)
 33837 | Swamp:1  | Lost mutation: You expend magic power (3 MP) to strengthen
                  | your wands. [potion of mutation]
 33837 | Swamp:1  | Lost mutation: Your skin changes colour to match your
                  | surroundings (Stealth+). [potion of mutation]
 33837 | Swamp:1  | Gained mutation: You are weak. (Str -2) [potion of
                  | mutation]
 33837 | Swamp:1  | Gained mutation: You are dopey. (Int -2) [potion of
                  | mutation]
 33837 | Swamp:1  | Gained mutation: You have a pair of small horns on your
                  | head. [potion of mutation]
 33874 | Swamp:1  | Found a shimmering altar of Xom.
 34727 | Swamp:3  | Noticed Roxanne
 34753 | Swamp:3  | Killed Roxanne
 35718 | Swamp:4  | Entered Level 4 of the Swamp
 37440 | Swamp:4  | Reached XP level 19. HP: 73/149 MP: 25/25
 38266 | Swamp:4  | Got a decaying rune of Zot
 38767 | Vaults:1 | Entered Level 1 of the Vaults
 38767 | Vaults:1 | Found Ummoti's Antique Weapon Emporium.
 39004 | Vaults:1 | Reached skill level 21 in Fighting
 39134 | Vaults:1 | Reached skill level 10 in Invocations
 39379 | Vaults:1 | Found a portal to a secret trove of treasure.
 39405 | Vaults:1 | Found Bynum's Weapon Emporium.
 40108 | Vaults:2 | Reached skill level 1 in Hexes
 40208 | Vaults:2 | Reached XP level 20. HP: 151/160 MP: 27/27
 40216 | Vaults:2 | Reached skill level 1 in Spellcasting
 40392 | Vaults:2 | Reached skill level 22 in Fighting
 42114 | Vaults:3 | Found a staircase to the Crypt.
 42114 | Vaults:3 | Found a basalt altar of Yredelemnul.
 42115 | Vaults:3 | Found an ancient bone altar of Kikubaaqudgha.
 42577 | Vaults:4 | Reached XP level 21. HP: 118/168 MP: 28/28
 42855 | Vaults:4 | Reached skill level 23 in Fighting
 43104 | Vaults:4 | Got a pitted broad axe
 43105 | Vaults:4 | Identified the +4 broad axe of Recunt {chop, +Rage MR+}
                  | (You acquired it on level 4 of the Vaults)
 43120 | Vaults:4 | Reached skill level 5 in Hexes
 43389 | Vaults:4 | Found Xyse's Antique Armour Shop.
 43921 | Vaults:4 | Found Boczam's Assorted Antiques.
 43923 | Vaults:4 | Found Imuywk's Weapon Emporium.
 43923 | Vaults:4 | Found Leegg's Jewellery Emporium.
 43963 | Vaults:4 | Bought the ring of Jalu {rF+ rC++ Int+3 SInv} for 668 gold
                  | pieces
 44342 | Elf:1    | Entered Level 1 of the Elven Halls
 44525 | Orc:2    | Bought a scroll of brand weapon for 240 gold pieces
 45211 | Elf:1    | Got a spiked shield
 45217 | Elf:1    | Identified the cursed +0 shield "Tisis" {rElec} (You found
                  | it on level 1 of the Elven Halls)
 45325 | Elf:1    | Found Legepali's Antique Armour Shop.
 46106 | Elf:2    | Identified the Almanac of the Entourage
 46358 | Elf:2    | Reached XP level 22. HP: 176/176 MP: 29/29
 46426 | Elf:2    | Found a runed translucent gate.
 46426 | Elf:2    | Found a runed translucent gate.
 46426 | Elf:2    | Found a runed translucent gate.
 46464 | Elf:3    | Entered Level 3 of the Elven Halls
 46601 | Elf:3    | Found Qiofiuco's Jewellery Shoppe.
 46601 | Elf:3    | Found Heaskani's Gadget Shop.
 46602 | Elf:3    | Found Ebase's Gadget Shop.
 46654 | Elf:3    | Noticed Saint Roka
 46673 | Elf:3    | Killed Saint Roka
 47042 | Elf:3    | Reached skill level 24 in Fighting
 47775 | Elf:3    | Identified the +2 morningstar of the Past {drain, rElec rC-
                  | Str+8 Dex-4}
 47819 | Elf:3    | Lost mutation: You are weak. (Str -2) [potion of mutation]
 47819 | Elf:3    | Lost mutation: You are frail. (-10% HP) [potion of
                  | mutation]
 47819 | Elf:3    | Gained mutation: You are occasionally teleported next to
                  | monsters. [potion of mutation]
 47819 | Elf:3    | Gained mutation: You are clumsy. (Dex -2) [potion of
                  | mutation]
 47819 | Elf:3    | Gained mutation: You are very dopey. (Int -4) [potion of
                  | mutation]
 47819 | Elf:3    | Gained mutation: You are resistant to electric shocks.
                  | (rElec) [potion of mutation]
 47835 | Elf:3    | Identified the cursed +0 leather armour "Pepoom" {Regen+
                  | Dex+3}
 47935 | Elf:3    | Got a dazzling plate armour
 47943 | Elf:3    | Identified the cursed +1 plate armour "Fasuni Goirph"
                  | {*Drain Str+7 Dex+3} (You found it on level 3 of the Elven
                  | Halls)
 47950 | Elf:3    | Identified the Volume of Orientation and Unholy Secrets
 47959 | Elf:3    | Identified Kuemuc's Guide on Igneous Displacement
 47971 | Elf:3    | Found the +0 sword of Power
 47985 | Elf:3    | Identified the Papyrus of Hurtful Malediction
 48289 | Depths:1 | Entered Level 1 of the Depths
 48372 | Depths:1 | Found Cicisa Suyh's Mayhem Merchandise.
 48445 | Depths:1 | Found a gateway to Hell.
 48512 | Depths:1 | Reached skill level 1 in Dodging
 48737 | Depths:1 | Found a deep blue altar of Sif Muna.
 48849 | Depths:1 | Found a one-way gate to the infinite horrors of the Abyss.
 48884 | Depths:1 | Identified the +6 faerie dragon scales {rF++ rN+ rCorr}
 48884 | Depths:1 | Noticed the Enchantress
 48927 | Depths:1 | Killed the Enchantress
 49395 | Depths:1 | Found a runed translucent door.
 49685 | Depths:2 | Reached XP level 23. HP: 208/208 MP: 30/30
 50639 | Depths:2 | Found a sparkling altar of Nemelex Xobeh.
 50640 | Depths:2 | Found a shattered altar of Ashenzari.
 50640 | Depths:2 | Found a hazy altar of Hepliaklqana.
 50640 | Depths:2 | Found an opulent altar of Gozag.
 50869 | Depths:2 | Reached skill level 25 in Fighting
 50927 | Depths:2 | Found a runed translucent gate.
 50927 | Depths:2 | Found a runed translucent gate.
 50927 | Depths:2 | Found a runed translucent gate.
 50928 | Depths:2 | Noticed an ancient lich
 50928 | Depths:2 | Noticed Edwul's ghost (veteran GnWz)
 51136 | Depths:3 | Found a gateway to a ziggurat.
 51593 | Depths:3 | Noticed a caustic shrike
 51613 | Depths:3 | Killed a caustic shrike
 51696 | Depths:3 | Reached skill level 5 in Dodging
 51879 | Depths:3 | Found a one-way gate leading to the halls of Pandemonium.
 51998 | Depths:3 | Identified the ring "Xippuunk" {Wiz rPois rN+++ MR- Slay-2}
 52695 | Depths:4 | Reached XP level 24. HP: 214/218 MP: 30/30
 52958 | Depths:4 | Found Deihiop's Magic Scroll Shoppe.
 52966 | Depths:4 | Bought a scroll of magic mapping for 45 gold pieces
 52966 | Depths:4 | Bought a scroll of teleportation for 39 gold pieces
 53069 | Depths:4 | Gained mutation: Scrolls take you a little longer to read.
                  | [a neqoxec]
 53696 | Depths:4 | Got a warped chain mail
 53699 | Depths:4 | Identified the cursed +0 chain mail "Fiogadgh" {rC- Str+5
                  | Int+2} (You found it on level 4 of the Depths)
 53819 | Depths:5 | Entered Level 5 of the Depths
 53867 | Depths:5 | Found a flickering gateway to a bazaar.
 53874 | Depths:5 | Lost mutation: Scrolls take you a little longer to read.
                  | [the power of Zot]
 53889 | Depths:5 | Reached skill level 26 in Fighting
 53969 | Bazaar   | Entered a bazaar
 53972 | Bazaar   | Found Eshrolow's Distillery.
 53980 | Bazaar   | Bought a potion of haste for 140 gold pieces
 53980 | Bazaar   | Bought a potion of might for 56 gold pieces
 53980 | Bazaar   | Bought a potion of heal wounds for 70 gold pieces
 53980 | Bazaar   | Found Sewamokh's Weapon Shop.
 54021 | Bazaar   | Found Ogrea's Antique Armour Shoppe.
 54029 | Bazaar   | Found Eteuhol's Book Boutique.
 54244 | Depths:5 | Found a gate to the Realm of Zot.
 54749 | Depths:5 | Found Fuogiom's Antique Armour Emporium.
 54955 | Depths:5 | Found Kosilyja's Food Shoppe.
 55570 | Crypt:1  | Entered Level 1 of the Crypt
 56453 | Crypt:1  | Found a runed translucent door.
 56453 | Crypt:1  | Noticed Adoddidy's ghost (adept NaAE)
 56511 | Crypt:2  | Reached XP level 25. HP: 211/229 MP: 30/30
 56973 | Crypt:3  | Entered Level 3 of the Crypt
 57556 | Crypt:3  | Found an ancient bone altar of Kikubaaqudgha.
 57637 | Crypt:3  | Reached skill level 27 in Fighting
 57786 | Crypt:3  | Noticed an ancient lich
 57796 | Crypt:3  | HP: 11/231 [ancient lich/crystal spear (85)]
 57805 | Crypt:3  | Killed an ancient lich
 58245 | Crypt:3  | Got a clouded ivory amulet
 58246 | Crypt:3  | Identified the amulet "Syobbi" {Spirit rC+} (You found it
                  | on level 3 of the Crypt)
 58469 | Crypt:3  | Found a staircase to the Tomb.
 58469 | Crypt:3  | Noticed a greater mummy
 58485 | Crypt:3  | Killed a greater mummy
 58503 | Crypt:3  | Lost mutation: You are very dopey. (Int -4) [potion of
                  | mutation]
 58503 | Crypt:3  | Lost mutation: You are clumsy. (Dex -2) [potion of
                  | mutation]
 58503 | Crypt:3  | Lost mutation: You are dopey. (Int -2) [potion of mutation]
 58503 | Crypt:3  | Gained mutation: You tend to lose your temper in combat.
                  | [potion of mutation]
 58503 | Crypt:3  | Gained mutation: Your mind is acute. (Int +2) [potion of
                  | mutation]
 58504 | Crypt:3  | Lost mutation: You tend to lose your temper in combat.
                  | [potion of mutation]
 58504 | Crypt:3  | Lost mutation: Your mind is acute. (Int +2) [potion of
                  | mutation]
 58504 | Crypt:3  | Lost mutation: You have a pair of small horns on your head.
                  | [potion of mutation]
 58504 | Crypt:3  | Gained mutation: You have a pair of small horns on your
                  | head. [potion of mutation]
 58504 | Crypt:3  | Gained mutation: Your muscles are strong. (Str +2) [potion
                  | of mutation]
 58504 | Crypt:3  | Gained mutation: You are dopey. (Int -2) [potion of
                  | mutation]
 58504 | Crypt:3  | Gained mutation: Your muscles are very strong. (Str +4)
                  | [potion of mutation]
 59348 | Crypt:3  | Found the +8 demon blade "Bloodbane" {slice, *Rage +Rage
                  | Stlth-}
 59381 | Crypt:3  | Learned a level 2 spell: Blink
 60203 | Crypt:1  | Killed Adoddidy's ghost
 60358 | Crypt:3  | Identified the +7 spear of the Insatiable Realms {pierce,
                  | MR- Int-2 Dex+9} (You found it on level 3 of the Crypt)
 62506 | Vaults:5 | Entered Level 5 of the Vaults
 62515 | Vaults:5 | Reached skill level 1 in Translocations
 62549 | Vaults:5 | Noticed an ancient lich
 62567 | Vaults:5 | Killed an ancient lich
 62567 | Vaults:5 | Reached XP level 26. HP: 203/239 MP: 30/30
 63086 | Vaults:5 | Noticed an ancient lich
 63106 | Vaults:5 | Killed an ancient lich
 63115 | Vaults:5 | Reached skill level 10 in Dodging
 63620 | Vaults:5 | Identified the cursed +0 robe of the Hidden Eyes {Int+4}
 63771 | Vaults:5 | Lost mutation: Your muscles are very strong. (Str +4)
                  | [potion of mutation]
 63771 | Vaults:5 | Lost mutation: You are occasionally teleported next to
                  | monsters. [potion of mutation]
 63771 | Vaults:5 | Lost mutation: You are dopey. (Int -2) [potion of mutation]
 63771 | Vaults:5 | Gained mutation: You expend magic power (3 MP) to
                  | strengthen your wands. [potion of mutation]
 63887 | Vaults:5 | Identified the +2 robe of Aruttac {+Fly rF+ Str-5}
 63908 | Vaults:5 | Identified the +6 lajatang "Codic" {flame, rN+ Dex+3}
 63918 | Vaults:5 | Reached skill level 5 in Spellcasting
 64208 | Vaults:5 | Got a bloodstained chain mail
 64209 | Vaults:5 | Identified the cursed +0 chain mail "Ocais" {Int+2 Dex+2}
                  | (You found it on level 5 of the Vaults)
 64404 | Vaults:5 | Got an ichor-stained plate armour
 64405 | Vaults:5 | Identified the +2 plate armour of Death's Door {Int+2} (You
                  | found it on level 5 of the Vaults)
 64421 | Vaults:5 | Identified the Handbook of the Freezing Oath
 64487 | Vaults:5 | Identified the ring of Sesihehu {+Inv rPois rC- Stlth-}
                  | (You found it on level 5 of the Vaults)
 64689 | Vaults:5 | Identified the Compendium of Hexes
 64696 | Vaults:5 | Got a silver rune of Zot
 65066 | Zot:1    | Entered Level 1 of the Realm of Zot
 65179 | Depths:2 | Killed an ancient lich
 65186 | Depths:2 | Killed Edwul's ghost
 65204 | Depths:2 | Identified the cursed +0 robe of the Empire {rF++ Int+3}
                  | (You found it on level 2 of the Depths)
 65534 | D:14     | Bought 2 potions of cancellation for 384 gold pieces
 65534 | D:14     | Bought a wand of digging (7) for 192 gold pieces
 65534 | D:14     | Bought a potion of agility for 96 gold pieces
 65534 | D:14     | Bought a potion of heal wounds for 120 gold pieces
 66175 | Zot:1    | Reached XP level 27. HP: 245/245 MP: 31/31
 66211 | Zot:1    | Learned a level 2 spell: Passwall
 66322 | Zot:1    | Reached skill level 1 in Earth Magic
 66360 | Zot:1    | Learned a level 2 spell: Swiftness
 66377 | Zot:1    | Reached skill level 1 in Transmutations
 67477 | Zot:2    | Reached skill level 5 in Earth Magic
 68296 | Zot:3    | Reached skill level 5 in Transmutations
 69771 | Zot:4    | Reached skill level 1 in Charms
 71362 | Zot:5    | Entered Level 5 of the Realm of Zot
 71382 | Zot:5    | Reached skill level 1 in Air Magic
 71858 | Zot:5    | Learned a level 3 spell: Regeneration
 71927 | Zot:5    | Reached skill level 1 in Necromancy
 72307 | Zot:5    | Noticed an orb of fire
 72308 | Zot:5    | Gained mutation: You are frail. (-10% HP) [an orb of fire]
 72315 | Zot:5    | Noticed an ancient lich
 72315 | Zot:5    | Lost mutation: You are resistant to electric shocks.
                  | (rElec) [an orb of fire]
 72325 | Zot:5    | Killed an orb of fire
 72325 | Zot:5    | Reached skill level 5 in Charms
 72331 | Zot:5    | Noticed an orb of fire
 72332 | Zot:5    | Killed an ancient lich
 72335 | Zot:5    | Gained mutation: You are clumsy. (Dex -2) [an orb of fire]
 72338 | Zot:5    | Gained mutation: Your magical capacity is low. (-10% MP)
                  | [an orb of fire]
 72339 | Zot:5    | Killed an orb of fire
 72758 | Zot:5    | Noticed an orb of fire
 72769 | Zot:5    | Noticed an orb of fire
 72770 | Zot:5    | Killed an orb of fire
 72776 | Zot:5    | Gained mutation: Armour fits poorly on your strangely
                  | shaped body. [an orb of fire]
 72784 | Zot:5    | Killed an orb of fire
 72956 | Zot:5    | Noticed an ancient lich
 72962 | Zot:5    | Killed an ancient lich
 72971 | Zot:5    | Noticed an ancient lich
 72973 | Zot:5    | Noticed an ancient lich
 72977 | Zot:5    | Reached skill level 5 in Necromancy
 72988 | Zot:5    | Killed an ancient lich
 73332 | Zot:5    | Reached skill level 10 in Evocations
 73387 | Zot:5    | Noticed an ancient lich
 73393 | Zot:5    | Noticed an ancient lich
 73401 | Zot:5    | Killed an ancient lich
 73412 | Zot:5    | Killed from afar by an ancient lich

Levels and vault maps discovered:
D:1:      ncdulo_lavacross, layout_loops_ring
D:2:      lemuel_upstairs_altar, layout_basic
D:3:      layout_basic, lemuel_crystal_altar, first_ration, uniq_sigmund
D:4:      cheibrodos_greedy_goblins, layout_cave_pools, minitemple,
          uniq_blork_the_orc
D:5:      layout_layer_cave, kiku_gazebo_garden_becter, fedhas_altar_4,
          uniq_menkaure, uniq_eustachio
D:6:      layout_gridville, chequers_temple_overflow_minitemple, serial_shops,
          nicolae_shop_waterfront, uniq_pikel
D:7:      layout_loops_cross, minmay_temple_entry_junction,
          vehumet_altar_wand_db
D:8:      layout_basic, david_lair_shrubbed, grunt_pizzeria,
          minmay_joined_circles, uniq_psyche
D:9:      hangedman_cross_cluster, layout_basic, grunt_temple_overflow_holy_war,
          serial_ice, serial_ice_a, serial_ice_b, serial_ice_i, serial_ice_m,
          serial_ice_e, basic_altar, hex_tiny
D:10:     layout_long_grid, hangedman_corner_corridor
D:11:     layout_loops_ring, kennysheep_orc_monster_closet_entryway,
          uniq_harold, uniq_nergalle
D:12:     layout_small_grid, serial_shops, nicolae_shop_trees, uniq_rupert,
          uniq_fannar
D:13:     layout_loops_ring, minmay_more_statues
D:14:     minmay_concentric_multi, layout_rooms,
          hangedman_vaults_entry_quadrant_bands, serial_shops, shop,
          hangedman_decor_slide_cut, mikee_hates_you, uniq_kirke
D:15:     grunt_enter_depths_giant_problem, layout_long_grid,
          nicolae_benzene_ring, minmay_misc_feat_room
Lair:1:   statuecave_lemuel, layout_cave_pods
Lair:2:   layout_layer_cave, guppyfry_snake_entry_island,
          minmay_lair_oklob_chamber, lemuel_fruit_tree
Lair:3:   layout_regular_city, minmay_swamp_entry_worms,
          ebering_ghost_funeral_grove, kennysheep_abandoned_house
Lair:4:   beast_lair_carwin_large_1, layout_regular_city, serial_bayou_shore_b
Lair:5:   layout_cave_pods, minmay_slime_entry_oklob_open, serial_bayou_pond_e,
          chequers_serial_rivers_micro_b, lemuel_fruit_fields
Lair:6:   minmay_lair_end_enchanted_forest, layout_long_grid,
          chequers_serial_rivers_micro_c, disabler_island, uniq_urug, uniq_sonja
Swamp:1:  layout_basic_swamp, nicolae_swamp_godswood
Swamp:2:  layout_basic_swamp, nicolae_swamp_fairy_circle
Swamp:3:  layout_falls_marsh, serial_swamp_ruin, evilmike_swamp_ruin_rubble_1,
          evilmike_swamp_ruin_rubble_2, swamp_pool1, uniq_roxanne
Swamp:4:  swamp_basic_johnstein, layout_basic_swamp, swamp_pool4
Snake:1:  layout_chambers, uniq_louise
Snake:2:  layout_gridlike, grunt_megastairs_3
Snake:3:  layout_layer_cave, grunt_megastairs_4
Snake:4:  snake_pit, layout_rooms, gammafunk_ghost_grave, corexii_hall_statues_i
Orc:1:    layout_caves, enter_bailey_2, uniq_josephine
Orc:2:    st_orc_open, layout_caves, portal_ice_cave_rime,
          gauntlet_entry_generic, basic_altar, serial_shops, nicolae_shop_trees
Elf:1:    minmay_elf_arrival_circle, layout_rooms, serial_shops,
          nicolae_shop_competitors_out_of_business, minmay_elf_crystal_hexagon,
          due_unseen_surprise
Elf:2:    layout_geoelf_diagonals, evilmike_surprise_oklob
Elf:3:    minmay_elf_hall_x, layout_onion_city, minmay_shop_grove,
          uniq_saint_roka
Vaults:1: nicolae_vaults_statue_guard, ontoclasm_vaults_ring_square, v_rooms_5,
          hangedman_vaults_stream, ontoclasm_vaults_bender,
          ontoclasm_vaults_ring_small, vaults_room_mumra_shop_pool,
          vaults_room_grunt_arrival_checkpoint, ontoclasm_vaults_shuriken,
          layout_vaults_maze, serial_shops, shop_fountains, enter_trove_2
Vaults:2: nicolae_vaults_theta, v_misc_4, nicolae_vaults_circle_grid_a,
          nicolae_vaults_yaktaur_gun_rack, vaults_room_hallway,
          nicolae_vaults_alarming, layout_vaults_omnigrid
Vaults:3: nicolae_vaults_minivaults, nicolae_vaults_network_periphery,
          ontoclasm_vaults_ring_large, minmay_crypt_entry_necro_gods,
          nicolae_vaults_inception_statues, v_misc_22,
          hangedman_vaults_corner_blocks, vaults_room_stairs_pillars,
          hangedman_vaults_nails, vaults_room_pools, hangedman_vaults_locks,
          vaults_dpeg_hooks, ontoclasm_vaults_decontamination,
          vaults_room_hallway, vaults_room_large_hall, layout_vaults_omnibox
Vaults:4: v_misc_4, grunt_vaults_bifocal, v_misc_13,
          hangedman_vaults_hard_town_square, nicolae_vaults_network_barrier,
          vaults_room_fancy_cross, vaults_room_door_ring, layout_vaults_ring,
          serial_shops, shop
Vaults:5
Crypt:1:  layout_rooms, ebering_ghost_inner_flame, grunt_crypt_arrival_split
Crypt:2:  layout_rooms
Crypt:3:  evilmike_haunted_forest
Depths:1: layout_gridlike, abyss_entry, lemuel_crystal_altar, pf_coc_iceberg,
          minivault_1, nrook_pool_corridor, minmay_shop_mayhem,
          minmay_misc_feat_rugged, nicolae_twisting_strands,
          minmay_misc_feat_square, minmay_crystal_box, uniq_enchantress
Depths:2: minmay_the_grid_octo_tiled_octocenter
          [minmay_the_grid_octo_fan_narrow, minmay_the_grid_octo_shrine,
          minmay_the_grid_octo_empty, minmay_the_grid_octo_checkered,
          minmay_the_grid_octo_prize_star, minmay_the_grid_square_5x5_percent,
          minmay_the_grid_square_5x5_broken_cross,
          minmay_the_grid_square_5x5_one_wall,
          minmay_the_grid_square_5x5_hollow_slash], layout_twisted_cross,
          kennysheep_small_spiral, hell_entry, gammafunk_ghost_necromancy
Depths:3: minmay_broken_ring, layout_basic, enter_ziggurat_f,
          grunt_hell_entry_demonic_statue, hangedman_abyss_or_decor_stabs,
          rand_demon_pan_entry_7, lemuel_flames_and_gold,
          minmay_staircase_statues
Depths:4: kennysheep_scales, layout_cave_pools, rand_demon_pan_entry_9,
          abyss_entry, pf_dread_powers_of_hell, serial_sigils,
          serial_sigils_hangedman_quiver, serial_sigils_hangedman_scratch,
          serial_sigils_hangedman_gnaw, serial_sigils_hangedman_quiver,
          serial_shops, shop, grunt_ministairs_10, nicolae_water_bricks
Depths:5: grunt_crosshair, layout_cave_pools, chequers_big_river, abyss_entry,
          hell_entry, serial_shops, bzr_entry_customers, shop,
          nicolae_shop_overgrown_old_shop
Zot:1:    layout_basic
Zot:2:    layout_twisted_circle
Zot:3:    layout_gridville
Zot:4:    layout_onion, grunt_megastairs_2
Zot:5:    layout_twisted_circle
Bazaar:   bazaar_jpeg_ribbon
Bailey:   bailey_polearm_gnolls_kennysheep, bailey
IceCv:    ice_cave_small_necro
Gauntlet: minmay_gauntlet_mixed_big_or_small [gammafunk_gauntlet_arena_mazey,
          minmay_gauntlet_arena_77_terracotta_army,
          gammafunk_gauntlet_arena_split_x,
          minmay_gauntlet_arena_77_radiant_squares,
          gammafunk_gauntlet_arena_crates, minmay_gauntlet_arena_77_squiggly,
          gauntlet_exit_hidden_loot]

Skill      XL: |  1  2  3  4  5  6  7  8  9 10 11 12 13 14 15 16 17 18 19 20 21 22 23 24 25 26 27 |
---------------+----------------------------------------------------------------------------------+-----
Axes           | 3 4 5 6 8 9 11 12 13 14 15 16 18 20 22 24 26 | 26.3
Fighting       | 4 5 7 9 11 13 15 16 17 18 19 20 21 22 23 24 25 26 27 | 27.0
Shields        | 4 6 7 10 12 13 15 16 18 20 | 20.6
Armour         | 4 5 7 8 9 11 14 15 17 18 19 22 | 22.4
Invocations    | 3 5 6 7 9 10 11 14 | 14.7
Evocations     | 4 6 7 8 9 10 | 10.0
Hexes          | 1 4 5 6 |  6.2
Spellcasting   | 3 4 5 |  5.7
Dodging        | 2 5 7 9 10 12 | 12.0
Translocations | 2 4 |  4.9
Earth Magic    | 8 |  8.7
Transmutations | 7 |  7.4
Charms         | 6 |  6.9
Air Magic      | 3 |  3.6
Necromancy     | 5 |  5.7

Action                   |  1- 3 |  4- 6 |  7- 9 | 10-12 | 13-15 | 16-18 | 19-21 | 22-24 | 25-27 || total
-------------------------+-------+-------+-------+-------+-------+-------+-------+-------+-------++-------
Melee: War axe           |    92 |   164 |   283 |   636 |   740 |       |       |       |       ||  1915
       Spear             |       |       |       |       |    19 |    53 |    52 |       |       ||   124
       Broad axe         |       |       |       |       |   387 |  1312 |  1181 |  1217 |  1344 ||  5441
       Headbutt          |       |       |       |       |       |    59 |   269 |   298 |   386 ||  1012
 Cast: Regeneration      |       |       |       |       |       |       |       |       |     7 ||     7
       Passwall          |       |       |       |       |       |       |       |       |     3 ||     3
Invok: Ancestor Life: He |       |       |     1 |       |       |       |       |       |       ||     1
       Recall Ancestor   |       |       |       |       |     2 |     2 |     4 |     7 |     1 ||    16
       Idealise          |       |       |       |       |       |     3 |     2 |     1 |     4 ||    10
 Abil: Evoke Flight      |       |       |       |       |     1 |       |       |       |       ||     1
       Evoke Berserk Rag |       |       |       |       |       |       |       |     2 |       ||     2
Evoke: Wand              |       |       |       |     1 |     6 |       |     1 |    42 |     6 ||    56
       Lamp of fire      |       |       |       |       |       |       |       |       |     1 ||     1
  Use: Potion            |       |     1 |       |     2 |    10 |     6 |       |     2 |    21 ||    42
       Scroll            |       |       |    10 |    23 |     9 |    10 |     9 |     8 |    23 ||    92
 Stab: Distracted        |       |     1 |     3 |    10 |    14 |    11 |    14 |    18 |    13 ||    84
       Confused          |       |       |     2 |     5 |     3 |    12 |    57 |    33 |    78 ||   190
       Paralysed         |       |       |       |       |    20 |    46 |    31 |    15 |    31 ||   143
       Invisible         |       |       |       |       |       |       |       |       |     5 ||     5
  Eat: Chunk             |     1 |     6 |    13 |    31 |    39 |    36 |    24 |    20 |    20 ||   190
       Ration            |       |       |       |       |       |     1 |       |     4 |    11 ||    16
Armor: Scale mail        |    49 |    29 |       |       |       |       |       |       |       ||    78
       Chain mail        |       |    56 |    66 |       |       |       |       |       |       ||   122
       Plate armour      |       |       |    74 |   334 |   570 |   626 |   441 |   375 |   420 ||  2840
Dodge: Dodged            |    30 |    50 |    59 |    74 |   218 |   171 |   134 |   176 |   300 ||  1212
Block: Shield            |    44 |    25 |    26 |   340 |   626 |       |       |   823 |   924 ||  2808
       Buckler           |       |    31 |    52 |       |       |       |       |       |       ||    83
       Large shield      |       |       |       |       |    33 |  1145 |   863 |   126 |       ||  2167
       Reflection        |       |       |       |       |       |       |    50 |    68 |    37 ||   155

Table legend:
 A = Non-vault XP
 B = Vault XP
 C = Vault XP percentage of total XP
 D = Non-vault monster count
 E = Vault monster count
 F = Vault count percentage of total count
                 A         B        C        D         E       F
            +---------+---------+-------+---------+---------+-------
      Total |  898411 |  729824 |  44.8 |    1633 |     945 |  36.7
            +---------+---------+-------+---------+---------+-------
        D:1 |      44 |       0 |   0.0 |      24 |       0 |   0.0
        D:2 |      82 |       0 |   0.0 |      20 |       0 |   0.0
        D:3 |     111 |     238 |  68.2 |      30 |       1 |   3.2
        D:4 |     500 |     114 |  18.6 |      21 |      13 |  38.2
        D:5 |     352 |     372 |  51.4 |      13 |       2 |  13.3
        D:6 |     447 |     617 |  58.0 |       9 |       1 |  10.0
        D:7 |    1198 |       1 |   0.1 |      24 |       1 |   4.0
        D:8 |    1385 |    1692 |  55.0 |      29 |      13 |  31.0
        D:9 |     341 |    2055 |  85.8 |      12 |      24 |  66.7
       D:10 |    3591 |    1135 |  24.0 |      41 |       5 |  10.9
       D:11 |    1885 |    3246 |  63.3 |      14 |      22 |  61.1
       D:12 |    3032 |    4045 |  57.2 |      17 |       2 |  10.5
       D:13 |    6455 |    3704 |  36.5 |      29 |       4 |  12.1
       D:14 |   10493 |   13612 |  56.5 |      30 |      37 |  55.2
       D:15 |   16672 |    1697 |   9.2 |      34 |       1 |   2.9
     Lair:1 |    2673 |       0 |   0.0 |      17 |       0 |   0.0
     Lair:2 |    1935 |    3738 |  65.9 |      12 |       8 |  40.0
     Lair:3 |    2856 |    1573 |  35.5 |      14 |      15 |  51.7
     Lair:4 |    6436 |    3192 |  33.2 |      21 |      10 |  32.3
     Lair:5 |    7257 |    2348 |  24.4 |      28 |       5 |  15.2
     Lair:6 |    3783 |   10208 |  73.0 |      12 |      52 |  81.2
    Swamp:1 |    6526 |       0 |   0.0 |      22 |       0 |   0.0
    Swamp:2 |    7609 |       0 |   0.0 |      27 |       0 |   0.0
    Swamp:3 |   14937 |    1911 |  11.3 |      33 |       1 |   2.9
    Swamp:4 |   12759 |   21254 |  62.5 |      40 |      34 |  45.9
    Snake:1 |   14695 |    1658 |  10.1 |      27 |       1 |   3.6
    Snake:2 |   21350 |    2851 |  11.8 |      40 |       7 |  14.9
    Snake:3 |   16453 |    1519 |   8.5 |      35 |       6 |  14.6
    Snake:4 |   20445 |   30002 |  59.5 |      37 |      44 |  54.3
      Orc:1 |    1687 |    1871 |  52.6 |      30 |       5 |  14.3
      Orc:2 |    2501 |   16149 |  86.6 |      27 |      38 |  58.5
      Elf:1 |   22081 |    6258 |  22.1 |      37 |      11 |  22.9
      Elf:2 |   17315 |    1826 |   9.5 |      28 |       2 |   6.7
      Elf:3 |   14674 |   51157 |  77.7 |      26 |      46 |  63.9
   Vaults:1 |   39411 |   19298 |  32.9 |      59 |      31 |  34.4
   Vaults:2 |   36397 |    2410 |   6.2 |      67 |       8 |  10.7
   Vaults:3 |   32239 |   17607 |  35.3 |      73 |      37 |  33.6
   Vaults:4 |   58120 |   17053 |  22.7 |     116 |      17 |  12.8
   Vaults:5 |   17803 |  153583 |  89.6 |      25 |      98 |  79.7
    Crypt:1 |   28336 |    3484 |  10.9 |      33 |       2 |   5.7
    Crypt:2 |   17848 |       0 |   0.0 |      31 |       0 |   0.0
    Crypt:3 |       0 |   79319 | 100.0 |       0 |     108 | 100.0
   Depths:1 |   27470 |   10583 |  27.8 |      34 |       8 |  19.0
   Depths:2 |   36923 |   50367 |  57.7 |      49 |      36 |  42.4
   Depths:3 |   30149 |   28751 |  48.8 |      40 |      39 |  49.4
   Depths:4 |   19941 |   15607 |  43.9 |      26 |      18 |  40.9
   Depths:5 |   40835 |   25388 |  38.3 |      51 |      18 |  26.1
      Zot:1 |   28824 |       0 |   0.0 |      21 |       0 |   0.0
      Zot:2 |   55206 |       0 |   0.0 |      35 |       0 |   0.0
      Zot:3 |   75810 |       0 |   0.0 |      44 |       0 |   0.0
      Zot:4 |   75098 |    4145 |   5.2 |      46 |       2 |   4.2
      Zot:5 |   33441 |  100860 |  75.1 |      23 |      20 |  46.5
     Bailey |       0 |    1193 | 100.0 |       0 |      30 | 100.0
      IceCv |       0 |    6451 | 100.0 |       0 |      54 | 100.0
   Gauntlet |       0 |    3682 | 100.0 |       0 |       8 | 100.0
            +---------+---------+-------+---------+---------+-------
